 Seeded DCSS version 0.24.0 (webtiles) character file.

Game seed: 20200315, levelgen mode: deterministic

35 Auros the Grasshopper (level 3, -2/18 HPs)
             Began as a Spriggan Warper on Mar 15, 2020.
             Killed by divine providence
             ... invoked by an orc priest
              (11 damage)
             ... on level 5 of the Dungeon.
             The game lasted 00:11:25 (2086 turns).

Auros the Grasshopper (Spriggan Warper)             Turns: 2086, Time: 00:11:25

Health: -2/18      AC:  2    Str:  7    XL:     3   Next: 16%
Magic:  0/9        EV: 18    Int: 15    God:
Gold:   53         SH:  0    Dex: 15    Spells: 7/9 levels left

rFire    . . .     SeeInvis +   a - +0 short sword
rCold    . . .     Gourm    .   (shield restricted)
rNeg     . . .     Faith    .   b - +0 robe
rPois    .         Spirit   +   (helmet restricted)
rElec    .         Reflect  .   (no cloak)
rCorr    .         Harm     .   (gloves unavailable)
MR       .....                  (boots unavailable)
Stlth    ++........             c - amulet of guardian spirit
HPRegen  0.06/turn              (no ring)
MPRegen  0.11/turn              (no ring)

@: very quick
A: very small, unfitting armour, see invisible, herbivore, speed 3, slow
metabolism 2
a: no special abilities


You were on level 5 of the Dungeon.
You were not hungry.

You visited 1 branch of the dungeon, and saw 5 of its levels.
You also visited: Ossuary.

You collected 53 gold pieces.

Inventory:

Hand Weapons
 a - a +0 short sword (weapon)
Missiles
 e - 5 boomerangs of dispersal (quivered)
 h - 14 poisoned darts
 q - 22 sling bullets
 Z - 37 stones
Armour
 b - a +0 robe (worn)
Jewellery
 c - an amulet of guardian spirit (around neck)
Scrolls
 d - 3 scrolls of identify {unknown}
 g - 2 scrolls of fog {unknown}
 i - a scroll of magic mapping {unknown}
 j - a scroll of fear {unknown}
 k - a scroll of blinking
 l - 3 scrolls of remove curse {unknown}
 m - a scroll of immolation {unknown}
 n - 2 scrolls of teleportation {unknown}
 o - 3 scrolls of amnesia {unknown}
 p - a scroll of random uselessness {unknown}
Potions
 f - 4 potions of curing {unknown}
 r - a potion of cancellation {unknown}
 s - 2 potions of might {unknown}
Comestibles
 z - 3 rations


   Skills:
 - Level 1.5 Fighting
 - Level 2.1 Short Blades
 - Level 1.0 Throwing
 - Level 3.5 Dodging
 + Level 3.2 Stealth
 + Level 3.7 Spellcasting
 - Level 4.4 Translocations


You had 7 spell levels left.
You knew the following spells:

 Your Spells              Type           Power        Failure   Level  Hunger
a - Blink                 Tloc           N/A          4%          2    ##.....

Your spell library contained the following spells:

 Spells                   Type           Power        Failure   Level  Hunger
 Gell's Gravitas          Tloc           ###.......   9%          3    ###....
 Lesser Beckoning         Tloc           ###.......   9%          3    ###....
 Teleport Other           Tloc           ###.....     9%          3    ###....
 Shroud of Golubria       Chrm/Tloc      #.....       12%         2    ##.....
 Passage of Golubria      Tloc           N/A          30%         4    ####...


Dungeon Overview and Level Annotations

Branches:
Dungeon (5/15)            Ossuary (visited)
 Temple: D:4-7

Altars:
Qazlal
Wu Jian


Innate Abilities, Weirdness & Mutations

You are very small and have problems with some larger weapons.
You are too small for most types of armour.
You have supernaturally acute eyesight. (SInv)
You are a herbivore.
You cover ground extremely quickly.
You need to consume almost no food.


Message History

The orc priest barely misses you. The orc priest barely misses you.
The orc hits you but does no damage.
Casting: Blink (safe; 4% risk of failure)
Confirm with . or Enter, or press ? or * to list all spells.
You blink.
The orc hits you with a +0 club.
* * * LOW HITPOINT WARNING * * *
The hobgoblin zombie hits you.
* * * LOW HITPOINT WARNING * * *
The orc priest miscasts a cantrip.
The hobgoblin zombie hits you.
* * * LOW HITPOINT WARNING * * *
Casting: Blink (safe; 4% risk of failure)
Confirm with . or Enter, or press ? or * to list all spells.
You blink.
The orc priest looks satisfied for a moment.
The orc priest invokes the aid of Beogh against you.
Beogh smites you!
Ouch! That really hurt!
You die...

#+#######
#.....ยง.###########
#.......o.o.......+
#......oZ..o..@..#
#.........o......#
#'########.......#
##o......#######+##
+.o.......#
##.o......#
####........#
..'........##########
..#........##.......#


You could see 2 orc priests, 3 orcs and a hobgoblin zombie.

Vanquished Creatures
  A dart slug (D:1)
  2 bats
  2 giant cockroaches
  5 hobgoblins
  3 jackals (D:2)
  2 quokkas (D:2)
  3 ball pythons
  2 frilled lizards
  2 goblins
  3 kobolds
  6 rats
31 creatures vanquished.

Notes
Turn   | Place    | Note
-------+----------+-------------------------------------------
     0 | D:1      | Auros the Spriggan Warper began the quest for the Orb.
     0 | D:1      | Reached XP level 1. HP: 10/10 MP: 5/5
   196 | D:1      | Reached skill level 1 in Stealth
   321 | D:1      | Reached XP level 2. HP: 14/14 MP: 7/7
   325 | D:1      | Learned a level 2 spell: Blink
  1544 | D:2      | Reached XP level 3. HP: 18/18 MP: 9/9
  1726 | D:2      | Noticed a fire elemental
  1728 | D:2      | Found a stormy altar of Qazlal.
  1729 | D:2      | Noticed an earth elemental
  1729 | D:2      | Noticed a water elemental
  1729 | D:2      | Noticed an air elemental
  1852 | D:4      | Noticed an ogre
  1866 | D:4      | Noticed a phantom
  1872 | D:4      | Found an ornate altar of the Wu Jian Council.
  1889 | D:5      | Entered Level 5 of the Dungeon
  1893 | D:5      | Found a sand-covered staircase.
  1903 | Ossuary  | Entered an ossuary
  2086 | D:5      | Killed from afar by an orc priest

Levels and vault maps discovered:
D:1:      mrwooster_arrival_arrow, layout_basic, serial_glass, glass_columns_c,
          glass_columns_a
D:2:      layout_basic, nicolae_qazlal_style_of_elements, first_ration
D:3:      layout_loops_cross, lemuel_round_altar, zin_angel, uniq_terence
D:4:      layout_cave_pools, lemuel_crystal_altar, overflow_temple_1_default,
          gammafunk_temple_overflow_statue, minmay_temple_entry_offerings
D:5:      layout_gridville, tgw_trog, enter_ossuary_3
